3L
MONTANA PANDAS @ ROCKY MOUNTAIN NUGGETS
06/09/2025
 
TOP OF THE 1ST
Montana Pandas batting - Pitching for Rocky Mountain Nuggets : RHP Félix Jiménez
Pitching: RHP Félix Jiménez
Batting: RHB David Ramírez 0-0: Called Strike
0-1: Called Strike
0-2: Strikes out looking
Batting: LHB Qi-zhen Loong 0-0: Called Strike
0-1: Ball
1-1: Swinging Strike
1-2: Strikes out swinging
Batting: SHB Ramiro Salazar 0-0: Ball
1-0: Foul Ball, location: 2F
1-1: Ball
2-1: Ball
3-1: Called Strike
3-2: Foul Ball, location: 2F
3-2: DOUBLE (Line Drive, 78D)
Batting: RHB Gabriel Maldonado 0-0: Ball
1-0: SINGLE (Groundball, 34D)
Ramiro Salazar to third
Runner from 3rd tries for Home, SAFE, no throw
Batting: RHB Dani Trejo 0-0: Foul Ball, location: 2F
0-1: Called Strike
0-2: Ball
Wild Pitch!
Gabriel Maldonado to second
1-2: Foul Ball, location: 2F
1-2: Foul Ball, location: 2F
1-2: Foul Ball, location: 2F
1-2: Strikes out swinging, 2-3 out at first.
Top of the 1st over - 1 run(s), 2 hit(s), 0 error(s), 1 left on base; Montana 1 - Rocky Mountain 0
BOTTOM OF THE 1ST
Rocky Mountain Nuggets batting - Pitching for Montana Pandas : RHP Louis Webber
Pitching: RHP Louis Webber
Batting: RHB Mark Melton 0-0: Ball
1-0: Swinging Strike
1-1: Swinging Strike
1-2: Ball
2-2: Ball
3-2: Foul Ball, location: 2F
3-2: SOLO HOME RUN (Flyball, 78XD), Distance : 413 ft
Batting: RHB Iván Vega 0-0: Ball
1-0: Called Strike
1-1: Called Strike
1-2: Ball
2-2: Foul Ball, location: 2F
2-2: Ball
3-2: Foul Ball, location: 2F
3-2: Fly out, F8 (Line Drive, 8LD)
Batting: LHB Randy Bowen 0-0: Ball
1-0: SINGLE (Groundball, 56D)
Batting: LHB Javier Sánchez 0-0: Called Strike
0-1: Fly out, F9 (Flyball, 9S)
Batting: RHB Andrés Rodríguez 0-0: Ball
1-0: Called Strike
1-1: Called Strike
1-2: Ball
Wild Pitch!
Randy Bowen to second
2-2: Ball
3-2: Strikes out swinging
Bottom of the 1st over - 1 run(s), 2 hit(s), 0 error(s), 1 left on base; Montana 1 - Rocky Mountain 1
TOP OF THE 2ND
Montana Pandas batting - Pitching for Rocky Mountain Nuggets : RHP Félix Jiménez
Batting: RHB Jim Scott 0-0: Foul Ball, location: 2F
0-1: SINGLE (Groundball, 6MD)
Batting: RHB Jian-zhang Phan 0-0: Ball
1-0: Ball
2-0: SINGLE (Line Drive, 56)
Jim Scott to second
Batting: RHB Eduardo Sánchez 0-0: Swinging Strike
0-1: Ball
1-1: Ball
2-1: Swinging Strike
2-2: Foul Ball, location: 2F
2-2: Strikes out swinging
Batting: SHB Todd Hill 0-0: Called Strike
0-1: Called Strike
0-2: Ball
1-2: Strikes out looking
Batting: RHB David Ramírez 0-0: Ball
1-0: Called Strike
1-1: Foul Ball, location: 2F
1-2: Strikes out swinging
Top of the 2nd over - 0 run(s), 2 hit(s), 0 error(s), 2 left on base; Montana 1 - Rocky Mountain 1
BOTTOM OF THE 2ND
Rocky Mountain Nuggets batting - Pitching for Montana Pandas : RHP Louis Webber
Batting: RHB Paul Smith 0-0: Ball
1-0: Ball
2-0: Called Strike
2-1: Foul Ball, location: 2F
2-2: Foul Ball, location: 2F
2-2: Strikes out swinging
Batting: LHB Juan Ríos 0-0: Ball
1-0: Ball
2-0: Ball
3-0: Called Strike
3-1: Base on Balls
Batting: RHB Martín Méndez 0-0: Ball
1-0: Ball
2-0: Called Strike
2-1: Ball
3-1: Foul Ball, location: 2F
3-2: Foul Ball, location: 2F
3-2: Fly out, F9 (Flyball, 9LM)
Batting: RHB Mike Green 0-0: Called Strike
0-1: Fly out, F7 (Line Drive, 7)
Bottom of the 2nd over - 0 run(s), 0 hit(s), 0 error(s), 1 left on base; Montana 1 - Rocky Mountain 1
TOP OF THE 3RD
Montana Pandas batting - Pitching for Rocky Mountain Nuggets : RHP Félix Jiménez
Batting: LHB Qi-zhen Loong 0-0: Ball
1-0: Ball
2-0: Swinging Strike
2-1: Ball
3-1: DOUBLE (Flyball, 9LM)
Batting: SHB Ramiro Salazar 0-0: Called Strike
0-1: Ball
1-1: Called Strike
1-2: Strikes out swinging
Batting: RHB Gabriel Maldonado 0-0: Foul Ball, location: 2F
0-1: Swinging Strike
0-2: Strikes out looking
Batting: RHB Dani Trejo 0-0: Called Strike
0-1: Swinging Strike
0-2: 2-RUN HOME RUN (Flyball, 8LXD), Distance : 442 ft
Batting: RHB Jim Scott 0-0: Ball
1-0: Foul Ball, location: 2F
1-1: Foul Ball, location: 2F
1-2: Ball
2-2: Foul Ball, location: 2F
2-2: Ball
3-2: Foul Ball, location: 2F
3-2: Foul Ball, location: 2F
3-2: Base on Balls
Batting: RHB Jian-zhang Phan 0-0: Ball
1-0: Ball
2-0: Fielders Choice at 2nd, 6-4 (Groundball, 6)
Top of the 3rd over - 2 run(s), 2 hit(s), 0 error(s), 0 left on base; Montana 3 - Rocky Mountain 1
BOTTOM OF THE 3RD
Rocky Mountain Nuggets batting - Pitching for Montana Pandas : RHP Louis Webber
Batting: RHB Mark Melton 0-0: Foul Ball, location: 2F
0-1: Foul Ball, location: 2F
0-2: Ball
1-2: Foul Ball, location: 2F
1-2: Foul Ball, location: 2F
1-2: Ball
2-2: SINGLE (Groundball, 6D)
Batting: RHB Iván Vega 0-0: Foul Ball, location: 2F
0-1: Ball
1-1: Foul Ball, location: 2F
1-2: Ball
2-2: Strikes out looking
Batting: LHB Randy Bowen 0-0: Fielders Choice at 2nd, 3-6 (Groundball, 3)
Batting: LHB Javier Sánchez 0-0: Fly out, F7 (Flyball, 7)
Bottom of the 3rd over - 0 run(s), 1 hit(s), 0 error(s), 1 left on base; Montana 3 - Rocky Mountain 1
TOP OF THE 4TH
Montana Pandas batting - Pitching for Rocky Mountain Nuggets : RHP Félix Jiménez
Batting: RHB Eduardo Sánchez 0-0: Ball
1-0: Ball
2-0: Ball
3-0: Base on Balls
Batting: SHB Todd Hill 0-0: Foul Ball, location: 2F
0-1: Ball
1-1: Swinging Strike
1-2: Ball
2-2: Grounds into double play, 4-6-3 (Groundball, 34)
Batting: RHB David Ramírez 0-0: Called Strike
0-1: Ball
1-1: Foul Ball, location: 2F
1-2: Foul Ball, location: 2F
1-2: Strikes out swinging
Top of the 4th over - 0 run(s), 0 hit(s), 0 error(s), 0 left on base; Montana 3 - Rocky Mountain 1
BOTTOM OF THE 4TH
Rocky Mountain Nuggets batting - Pitching for Montana Pandas : RHP Louis Webber
Batting: RHB Andrés Rodríguez 0-0: Fly out, F8 (Line Drive, 8RM)
Pitching: LHP John Keller
Batting: RHB Paul Smith 0-0: Ball
1-0: Ball
2-0: Called Strike
2-1: SOLO HOME RUN (Flyball, 78XD), Distance : 410 ft
Batting: LHB Juan Ríos 0-0: Ball
1-0: SINGLE (Line Drive, 78S)
Batting: RHB Martín Méndez 0-0: Foul Ball, location: 2F
0-1: Swinging Strike
0-2: Ball
1-2: Strikes out swinging
Batting: RHB Mike Green 0-0: Foul Ball, location: 2F
0-1: Ball
1-1: Foul Ball, location: 2F
1-2: Hit by Pitch
Juan Ríos to second
Batting: RHB Mark Melton 0-0: Ball
1-0: Called Strike
1-1: Ground out 5-3 (Groundball, 5S)
Bottom of the 4th over - 1 run(s), 2 hit(s), 0 error(s), 2 left on base; Montana 3 - Rocky Mountain 2
TOP OF THE 5TH
Montana Pandas batting - Pitching for Rocky Mountain Nuggets : RHP Félix Jiménez
Batting: LHB Qi-zhen Loong 0-0: Called Strike
0-1: Ball
1-1: Called Strike
1-2: Ball
2-2: Ball
3-2: Base on Balls
Batting: SHB Ramiro Salazar 0-0: Called Strike
0-1: Ball
1-1: Ball
2-1: Ball
3-1: Fly out, F7 (Flyball, 7S)
Batting: RHB Gabriel Maldonado 0-0: Grounds into double play, 5-4-3 (Groundball, 56)
Top of the 5th over - 0 run(s), 0 hit(s), 0 error(s), 0 left on base; Montana 3 - Rocky Mountain 2
BOTTOM OF THE 5TH
Rocky Mountain Nuggets batting - Pitching for Montana Pandas : LHP John Keller
Batting: RHB Iván Vega 0-0: Swinging Strike
0-1: Ball
1-1: Called Strike
1-2: Strikes out swinging
Batting: LHB Randy Bowen 0-0: Called Strike
0-1: Foul Ball, location: 2F
0-2: Ball
1-2: SINGLE (Flyball, 8RS)
Batting: LHB Javier Sánchez 0-0: Ball
1-0: Called Strike
1-1: Called Strike
1-2: Ball
2-2: Ball
3-2: Foul Ball, location: 2F
3-2: DOUBLE (Line Drive, 89XD)
Randy Bowen to third
Runner from 3rd tries for Home, SAFE, throw made home
Pitching: RHP Albert Blake
Batting: RHB Andrés Rodríguez 0-0: Ball
1-0: Called Strike
1-1: Ball
2-1: Ground out 6-3 (Groundball, 6)
Batting: RHB Paul Smith 0-0: Foul Ball, location: 2F
0-1: Ball
1-1: Ball
2-1: Called Strike
2-2: Strikes out swinging
Bottom of the 5th over - 1 run(s), 2 hit(s), 0 error(s), 1 left on base; Montana 3 - Rocky Mountain 3
TOP OF THE 6TH
Montana Pandas batting - Pitching for Rocky Mountain Nuggets : RHP Félix Jiménez
Batting: RHB Dani Trejo 0-0: Called Strike
0-1: Called Strike
0-2: Foul Ball, location: 2F
0-2: Strikes out swinging
Batting: RHB Jim Scott 0-0: Swinging Strike
0-1: Ball
1-1: Called Strike
1-2: Ball
2-2: Strikes out swinging
Batting: RHB Jian-zhang Phan 0-0: Ball
1-0: Swinging Strike
1-1: Ground out 5-3 (Groundball, 5L)
Top of the 6th over - 0 run(s), 0 hit(s), 0 error(s), 0 left on base; Montana 3 - Rocky Mountain 3
BOTTOM OF THE 6TH
Rocky Mountain Nuggets batting - Pitching for Montana Pandas : RHP Albert Blake
Batting: LHB Juan Ríos 0-0: Foul Ball, location: 2F
0-1: Ball
1-1: Ball
2-1: Called Strike
2-2: Ball
3-2: Base on Balls
Batting: RHB Martín Méndez 0-0: Sac Bunt - play at first, batter OUT! 1-4
Juan Ríos to second
Batting: RHB Mike Green 0-0: Ball
1-0: Ball
Juan Ríos steals 3rd base
2-0: Ball
Balk!
Juan Ríos scores
3-0: Base on Balls
Batting: RHB Mark Melton 0-0: SINGLE (Line Drive, 9LS)
Mike Green to second
Runner from 2nd tries for 3rd, SAFE, throw made to third
Batting: RHB Iván Vega 0-0: Called Strike
0-1: Called Strike
0-2: Foul Ball, location: 2F
0-2: Ball
1-2: Ball
2-2: Strikes out swinging
Batting: LHB Randy Bowen 0-0: Called Strike
0-1: Ball
1-1: Ball
2-1: Fly out, F8 (Flyball, 89D)
Bottom of the 6th over - 1 run(s), 1 hit(s), 0 error(s), 2 left on base; Montana 3 - Rocky Mountain 4
TOP OF THE 7TH
Montana Pandas batting - Pitching for Rocky Mountain Nuggets : RHP Félix Jiménez
Pitching: RHP Jorge Garza
Now in RF: Manuel Becerra
Batting: RHB Eduardo Sánchez 0-0: Ball
1-0: Called Strike
1-1: Ball
2-1: Ball
3-1: Called Strike
3-2: Foul Ball, location: 2F
3-2: Strikes out swinging
Batting: SHB Todd Hill 0-0: Ball
1-0: Ground out 4-3 (Groundball, 4)
Batting: RHB David Ramírez 0-0: Called Strike
0-1: Called Strike
0-2: Strikes out swinging
Top of the 7th over - 0 run(s), 0 hit(s), 0 error(s), 0 left on base; Montana 3 - Rocky Mountain 4
BOTTOM OF THE 7TH
Rocky Mountain Nuggets batting - Pitching for Montana Pandas : RHP Albert Blake
Batting: LHB Javier Sánchez 0-0: Ball
1-0: Ball
2-0: Ground out 5-3 (Groundball, 6)
Batting: RHB Andrés Rodríguez 0-0: Called Strike
0-1: Ball
1-1: Ball
2-1: Swinging Strike
2-2: Ball
3-2: Base on Balls
Pinch Hitting: RHB Michael Riley 0-0: Called Strike
0-1: SINGLE (Flyball, 78S)
Andrés Rodríguez to second
Batting: LHB Juan Ríos 0-0: 3-RUN HOME RUN (Flyball, 89XD), Distance : 412 ft
Pitching: LHP Cody Brown
Batting: RHB Martín Méndez 0-0: Ball
1-0: Ball
2-0: Ground out 6-3 (Groundball, 56)
Batting: RHB Manuel Becerra 0-0: Called Strike
0-1: Called Strike
0-2: Foul Ball, location: 2F
0-2: Ball
1-2: Foul Ball, location: 2F
1-2: Foul Ball, location: 2F
1-2: Ball
2-2: Ball
3-2: Base on Balls
Batting: RHB Mark Melton 0-0: Ball
1-0: Ball
2-0: Ball
Manuel Becerra is caught stealing 2nd base
Bottom of the 7th over - 3 run(s), 2 hit(s), 0 error(s), 0 left on base; Montana 3 - Rocky Mountain 7
TOP OF THE 8TH
Montana Pandas batting - Pitching for Rocky Mountain Nuggets : RHP Jorge Garza
Now in RF: Michael Riley
Batting: LHB Qi-zhen Loong 0-0: Foul Ball, location: 2F
0-1: Ball
1-1: Ground out U3 (Groundball, 34)
Batting: SHB Ramiro Salazar 0-0: Ball
1-0: SINGLE (Groundball, 34D)
Batting: RHB Gabriel Maldonado 0-0: Foul Ball, location: 2F
0-1: Swinging Strike
0-2: Strikes out swinging
Batting: RHB Dani Trejo 0-0: Called Strike
0-1: Foul Ball, location: 2F
0-2: Ground out U3 (Groundball, 3)
Top of the 8th over - 0 run(s), 1 hit(s), 0 error(s), 1 left on base; Montana 3 - Rocky Mountain 7
BOTTOM OF THE 8TH
Rocky Mountain Nuggets batting - Pitching for Montana Pandas : LHP Cody Brown
Batting: RHB Mark Melton 0-0: Ball
1-0: Foul Ball, location: 2F
1-1: SINGLE (Groundball, 6MD)
Batting: RHB Iván Vega 0-0: Ball
1-0: Sac Bunt - play at first, batter OUT! 1-3
Mark Melton to second
Batting: LHB Randy Bowen 0-0: Ball
1-0: Ball
2-0: SINGLE (Groundball, 4D)
Mark Melton to third
Batting: LHB Javier Sánchez 0-0: Ball
1-0: Ball
2-0: Foul Ball, location: 2F
2-1: Fly out, F4 (Popup, 3D)
Pitching: RHP Javier Castillo
Batting: RHB Andrés Rodríguez 0-0: Ball
1-0: Called Strike
1-1: Swinging Strike
1-2: Strikes out swinging
Bottom of the 8th over - 0 run(s), 2 hit(s), 0 error(s), 2 left on base; Montana 3 - Rocky Mountain 7
TOP OF THE 9TH
Montana Pandas batting - Pitching for Rocky Mountain Nuggets : RHP Jorge Garza
Batting: RHB Jim Scott 0-0: Ball
1-0: Swinging Strike
1-1: Fly out, F4 (Line Drive, 4D)
Batting: RHB Jian-zhang Phan 0-0: Ball
1-0: Called Strike
1-1: Ball
2-1: Ball
3-1: Base on Balls
Batting: RHB Eduardo Sánchez 0-0: Ball
1-0: Swinging Strike
1-1: Foul Ball, location: 2F
1-2: Grounds into double play, 5-4-3 (Groundball, 5)
Top of the 9th over - 0 run(s), 0 hit(s), 0 error(s), 0 left on base; Montana 3 - Rocky Mountain 7
Friday, December 30th, 2016 - OOTP Baseball 17.12 Build 75